 Dungeon Crawl Stone Soup version 0.20.1-1-g8b1a95d (webtiles) character file.

38 n0claF the Cudgeler (level 3, -7/33 HPs)
             Began as a Minotaur Berserker on Nov 2, 2017.
             Was a Follower of Trog.
             Mangled by a gnoll
             ... wielding a +0 halberd
              (8 damage)
             ... on level 2 of the Dungeon.
             The game lasted 00:02:02 (985 turns).

n0claF the Cudgeler (Minotaur Berserker)             Turns: 985, Time: 00:02:02

Health: -7/33      AC:  9    Str: 21    XL:     3   Next: 25%
Magic:  2/2        EV:  8    Int:  4    God:    Trog [*.....]
Gold:   56         SH:  0    Dex: 10    Spells: 2/2 levels left

rFire    . . .     SeeInvis .   a - +0 mace
rCold    . . .     Gourm    .   (no shield)
rNeg     . . .     Faith    .   g - +0 chain mail
rPois    .         Spirit   .   (helmet restricted)
rElec    .         Reflect  .   (no cloak)
rCorr    .         Harm     .   (no gloves)
MR       .....                  (no boots)
Stlth    ..........             (no amulet)
Regen    0.2/turn               (no ring)
MPRegen  0.1/turn               (no ring)

@: berserk cooldown, slowed, very slow
A: retaliatory headbutt, horns 2
a: Berserk, Burn Spellbooks, Renounce Religion


You were on level 2 of the Dungeon.
You worshipped Trog.
Trog was aware of your devotion.
You were not hungry.

You visited 1 branch of the dungeon, and saw 2 of its levels.

You collected 56 gold pieces.

Inventory:

Hand Weapons
 a - a +0 mace (weapon)
Armour
 g - a +0 chain mail (worn)
Scrolls
 b - 2 scrolls of fog {unknown}
 e - a scroll of teleportation {unknown}
 h - a scroll of fear {unknown}
 i - a scroll of immolation {unknown}
Potions
 f - a potion of curing {unknown}
Comestibles
 c - 3 bread rations
 d - 2 royal jellies
 j - 2 chunks of flesh


   Skills:
 + Level 4.2 Fighting
 + Level 4.3 Maces & Flails
 + Level 3.0 Armour
 + Level 2.4 Dodging


You had 2 spell levels left.
You didn't know any spells.

Dungeon Overview and Level Annotations

Branches:
Dungeon (2/15)

Altars:

Annotations:
D:2 Jessica


Innate Abilities, Weirdness & Mutations

You reflexively headbutt those who attack you in melee.
You have a pair of horns on your head.


Message History

You kill the jackal!
Trog accepts your kill.
The gnoll hits you but does no damage. x2
Jessica gestures wildly while chanting.
Jessica blinks!
The gnoll hits you but does no damage.
You hit the gnoll.
You headbutt the gnoll, but do no damage.
The gnoll is heavily wounded.
The gnoll completely misses you.
The gnoll hits you from afar with a spear.
The gnoll hits you with a flail.
Jessica drinks a potion.
Jessica seems to speed up.
The gnoll hits you but does no damage.
The gnoll hits you from afar with a halberd.
Jessica gestures wildly.
The gnoll hits you from afar with a spear. x2
The gnoll hits you with a flail!
* * * LOW HITPOINT WARNING * * *
You see here a jackal corpse.
The gnoll hits you from afar with a halberd!
You die...

#.###.#####.#.#.# #.# #.#
#.#.#.# #.# #.#
#.#.#.######.
##.###.#####.#..........
.<...............#######
##.#.#######.###.#######.
#.#.# #.# #÷).......
#.#.# #.# #.######..
#..<. ..# #@†g# ###.. ###
###g# #.##
.......Kg....!# #.#
#######.####.## .g# ..#
#... .... #...


You could see 3 gnolls.

Vanquished Creatures
  An ooze (D:1)
  3 leopard geckos (D:1)
  4 goblins
  2 hobgoblins
  7 jackals (D:2)
  3 kobolds (D:1)
  A ball python (D:1)
  2 bats
  2 frilled lizards (D:1)
  3 rats
28 creatures vanquished.

Notes
Turn   | Place    | Note
-------+----------+-------------------------------------------
     0 | D:1      | n0claF the Minotaur Berserker began the quest for the Orb.
     0 | D:1      | Reached XP level 1. HP: 19/19 MP: 0/0
     0 | D:1      | Noticed an iron dragon
     0 | D:1      | Noticed an orb of fire
     2 | D:1      | Noticed a large abomination
     4 | D:1      | Noticed an ice dragon
     5 | D:1      | Noticed an orb of fire
     6 | D:1      | Noticed an iron dragon
    10 | D:1      | Noticed a shadow dragon
    10 | D:1      | Noticed an iron dragon
    12 | D:1      | Noticed an orb of fire
    12 | D:1      | Noticed a tentacled monstrosity
    14 | D:1      | Noticed an ice dragon
    14 | D:1      | Noticed an ice dragon
    14 | D:1      | Noticed a purple draconian
    16 | D:1      | Noticed an orb of fire
    18 | D:1      | Noticed a tentacled monstrosity
   310 | D:1      | Reached XP level 2. HP: 23/27 MP: 1/1
   961 | D:2      | Reached XP level 3. HP: 33/33 MP: 2/2
   981 | D:2      | Noticed Jessica
   984 | D:2      | HP: 1/33 [gnoll/flail (12)]
   985 | D:2      | Mangled by a gnoll

Skill      XL: |  1  2  3 |
---------------+----------+-----
Maces & Flails | 4 |  4.3
Fighting       | 4 |  4.2
Armour         | 3 |  3.0
Dodging        | |  2.4

Action                   || total
-------------------------++-------
Melee: Mace              ||    54
       Headbutt          ||     7
Invok: Berserk           ||     1
  Eat: Chunk             ||     1
Armor: Chain mail        ||    36
       Animal skin       ||     1
Dodge: Dodged            ||    27
